 Dungeon Crawl Stone Soup version 0.29.1-1-gd02db6906a (webtiles) character file.

Game seed: 10111143599668517626

65 kiki the Trooper (level 3, -2/33 HPs)
             Began as a Minotaur Abyssal Knight on Oct 2, 2022.
             Was a Believer of Lugonu.
             Slain by Jessica
             ... wielding a +0 club
              (6 damage)
             ... on level 3 of the Dungeon.
             The game lasted 00:04:56 (2399 turns).

kiki the Trooper (Minotaur Abyssal Knight)          Turns: 2399, Time: 00:04:57

Health: -2/33      AC:  8    Str: 19    XL:     3   Next: 92%
Magic:  3/3        EV: 11    Int:  7    God:    Lugonu [**....]
Gold:   120        SH:  0    Dex: 10    Spells: 2/2 levels left

rFire   + . .      SeeInvis .   a - +1 spear
rCold   x . .      Faith    .   (no shield)
rNeg    . . .      Spirit   .   o - +0 ring mail
rPois   .          Reflect  .   (helmet restricted)
rElec   .          Harm     .   k - +2 cloak
rCorr   .          Rampage  .   (no gloves)
Will    .....                   (no boots)
Stlth   ..........              (no amulet)
HPRegen 0.11/turn               p - ring of fire
MPRegen 0.08/turn               (no ring)

@: no status effects
A: horns 2, retaliatory headbutt
a: Renounce Religion, Depart the Abyss, Bend Space


You were on level 3 of the Dungeon.
You worshipped Lugonu.
Lugonu was pleased with you.
You visited 1 branch of the dungeon, and saw 4 of its levels.
You visited the Abyss 1 time.

You collected 120 gold pieces.

Inventory:

Hand Weapons
 a - a +1 spear (weapon)
Missiles
 d - 41 stones
 j - 4 poisoned darts (quivered)
 l - 10 boomerangs
Armour
 k - a +2 cloak (worn)
 o - a +0 ring mail (worn)
Jewellery
 p - a ring of fire (left hand)
Scrolls
 b - 2 scrolls of amnesia {unknown}
 g - 3 scrolls of teleportation {unknown}
 q - a scroll of identify {unknown}
 r - 2 scrolls of silence {unknown}
 s - a scroll of immolation {unknown}
Potions
 c - a potion of curing {unknown}
 e - a potion of heal wounds {unknown}
 f - 3 potions of haste {unknown}
 h - a potion of berserk rage {unknown}
 i - 3 potions of attraction {unknown}
 m - a potion of flight {unknown}
 n - a potion of cancellation {unknown}


   Skills:
 + Level 4.1 Fighting
 + Level 3.8 Polearms
 + Level 0.1 Throwing
 + Level 2.8 Armour
 + Level 1.5 Dodging
 + Level 2.3 Invocations


You had 2 spell levels left.
You didn't know any spells.
Your spell library was empty.

Dungeon Overview and Level Annotations

Branches:
Dungeon (4/15)
 Temple: D:4-7

Altars:

Shops:
D:1 =   D:3 =

Annotations:
D:3 Jessica


Innate Abilities, Weirdness & Mutations

You have a pair of horns on your head.
You reflexively headbutt those who attack you in melee.


Message History

You barely miss the hobgoblin.
The hobgoblin is heavily wounded.
The hobgoblin barely misses you. You furiously retaliate!
You headbutt the hobgoblin!
You kill the hobgoblin!
Lugonu accepts your kill.
No target in view!
No target in view!
f - 3 fizzy inky potions (gained 1)
Found Fiwkofae's Jewellery Shop.
s - a scroll labelled ILAVIR RIANOD
There is an entrance to Fiwkofae's Jewellery Shop here.
Found a stone staircase leading up.
No target in view!
r - 2 scrolls labelled XUISIA LAKEWK (gained 1)
l - 10 boomerangs (gained 4)
Found a stone staircase leading down.
Jessica the Apprentice Sorceress comes into view.
She is wielding a +0 club.
Jessica shouts!
Jessica is nearby!
Jessica gestures at you while chanting. Pain shoots through your body!
Jessica gestures at you while chanting. You resist with some effort.
Jessica casts a spell at you. Pain shoots through your body!
You are too injured to fight recklessly!
You are too injured to fight recklessly!
You are too injured to fight recklessly!
You are too injured to fight recklessly!
Unknown command.
You are too injured to fight recklessly!
Jessica gestures wildly while chanting.
Jessica seems to speed up.
You see here a book of Misfortune.
Jessica casts a spell at you. Pain shoots through your body!
* * * LOW HITPOINT WARNING * * *
Jessica hits you with a +0 club.
You die...

...### .. #.. ...### #.#
##..# .....# #. #.#
...#.# ###.### ## .....#
##.....##.. ...#..
##.......... ...#
.....####...........
...###..........@........
.#.#............@..>.....
#..<..#.#####....:.......
...#.##.# ##...........
.#.#.##.######...........
.............##..........
..............##.....##..
......♣.###........##....
........# #..............
.....♣∩♣# #........##....


You could see Jessica (fast).

Vanquished Creatures
  2 adders (D:2)
  2 dart slugs
  An orc (D:4)
  7 ball pythons
  An endoplasm (D:1)
  6 hobgoblins
  5 kobolds
  2 quokkas (D:1)
  A bat (D:1)
  A frilled lizard (D:2)
  9 goblins
  3 rats
  A spectral kobold (D:1)
41 creatures vanquished.

Notes
Turn   | Place    | Note
-------+----------+-------------------------------------------
     0 | Abyss:1  | kiki the Minotaur Abyssal Knight began the quest for the
                  | Orb.
     0 | Abyss:1  | Reached XP level 1. HP: 19/19 MP: 1/1
     0 | D:1      | Escaped the Abyss
    75 | D:1      | Reached ** piety under Lugonu
   398 | D:1      | Reached XP level 2. HP: 27/27 MP: 2/2
   471 | D:1      | Reached skill level 4 in Fighting
   480 | D:1      | Found Mob Ock's Jewellery Boutique.
   788 | D:1      | Found a faded altar of an unknown god.
  1134 | D:2      | Reached XP level 3. HP: 17/33 MP: 3/3
  2370 | D:3      | Found Fiwkofae's Jewellery Shop.
  2394 | D:3      | Noticed Jessica
  2399 | D:3      | Slain by Jessica

Illustrated notes

Levels and vault maps discovered:
D:1:      heliophobic_arrival_dark_side_of_the_moon, layout_basic, serial_shops,
          shop_fountains, dreamdust_ecumenical_altar_drowned_temple
D:2:      layout_loops_corners
D:3:      layout_rooms, serial_shops, nicolae_shop_trees,
          uniq_crazy_yiuf_cottage, uniq_jessica, uniq_ijyb
D:4:      layout_loops_ring, general_overflow_altar, hangedman_feature_mirror,
          minmay_bisected

Skill      XL: |  1  2 |
---------------+-------+-----
Invocations    | 2 |  2.3
Fighting       | 4 |  4.1
Polearms       | 3 |  3.8
Throwing       | |  0.1
Armour         | |  2.8
Dodging        | |  1.5

Action                   || total
-------------------------++-------
Melee: Spear             ||   109
       Headbutt          ||     8
Throw: Dart              ||     3
Invok: Depart the Abyss  ||     1
Armor: Leather armour    ||    13
       Ring mail         ||     2
Dodge: Dodged            ||    31
